 Dungeon Crawl Stone Soup version 0.30.1-11-g7821555f0a (webtiles) character file.

Game seed: 11472007415643264388

76 Cheops the Poker (level 4, 0/33 HPs)
             Began as a Merfolk Gladiator on Nov 20, 2023.
             Slain by a hornet (10 damage)
             ... on level 4 of the Dungeon.
             The game lasted 00:03:42 (1705 turns).

Cheops the Poker (Merfolk Gladiator)                Turns: 1705, Time: 00:03:42

Health: 0/33       AC:  6    Str: 14 (16) XL:     4   Next: 32%
Magic:  4/4        EV: 12    Int:  5 (7)  God:
Gold:   186        SH:  0    Dex: 12 (15) Spells: 3/3 levels left

rFire   + . .        a - +0 trident
rCold   + . .        (no shield)
rNeg    . . .        b - +0 leather armour
rPois   +            c - +0 helmet
rElec   +            (no cloak)
rCorr   +            u - +1 Delatra's gloves {ID++}
SInv    .            (no boots)
Will    .....        (no amulet)
Stlth   +            (no ring)
HPRegen 0.25/turn    (no ring)
MPRegen 0.09/turn

%: no passive effects
@: resistant, hasted, very quick
A: (nimble swimmer 2), mertail
a: no special abilities


You were on level 4 of the Dungeon.
You visited 1 branch of the dungeon, and saw 4 of its levels.

You collected 186 gold pieces.

Inventory:

Hand Weapons
 a - a +0 trident (weapon)
Missiles
 d - 3 throwing nets (quivered)
 e - a javelin
Armour
 b - a +0 leather armour (worn)
 c - a +0 helmet (worn)
 u - the +1 Delatra's gloves (worn) {ID++}
   (You found it on level 3 of the Dungeon)

   ID++:      It heals its wearer when they drink unknown potions, and restores
   their MP when they read unknown scrolls.
Wands
 t - a wand of flame (19)
Scrolls
 f - 6 scrolls of identify {unknown}
 g - 2 scrolls of blinking {unknown}
 h - a scroll of amnesia {unknown}
 i - a scroll of noise {unknown}
 k - a scroll of enchant weapon {unknown}
 l - a scroll of acquirement {unknown}
 r - a scroll of poison {unknown}
 s - a scroll of brand weapon {unknown}
Potions
 o - a potion of heal wounds {unknown}
 p - a potion of curing {unknown}
 q - a potion of brilliance {unknown}


   Skills:
 - Level 2.1 Fighting
 + Level 6.6 Polearms
 - Level 2.0 Throwing
 - Level 4.0 Dodging


You had 3 spell levels left.
You didn't know any spells.
Your spell library contained the following spells:

 Spells                   Type           Power      Damage    Failure   Level
 Ozocubu's Armour         Ice            0%         N/A       90%         3
 Metabolic Englaciation   Hex/Ice        0%         N/A       100%        5
 Simulacrum               Ice/Necr       0%         N/A       100%        6


Dungeon Overview and Level Annotations

Branches:
Dungeon (4/15)
 Temple: D:4-7

Altars:


Innate Abilities, Weirdness & Mutations

((You are very nimble when in or above water. (Stealth+, EV+, Speed+++)))
Your lower body shifts to a powerful aquatic tail in water.


Message History

You barely miss the hornet.
The hornet is moderately wounded.
The hornet stings you!
* * * LOW HITPOINT WARNING * * *
The hornet stings you.
* * * LOW HITPOINT WARNING * * *
You hit the hornet but do no damage.
The hornet is moderately wounded.
You feel yourself speed up. The hornet closely misses you.
The hornet barely misses you.
It was a potion of degeneration.
There was something very wrong with that liquid.
You feel weakened.
You feel dopey.
You feel clumsy.
The energy of discovery flows from your fingertips!
You feel much better. The hornet stings you!
* * * LOW HITPOINT WARNING * * *
The hornet barely misses you.
It was a potion of haste.
You feel yourself speed up.
The energy of discovery flows from your fingertips!
You feel much better. The hornet stings you.
You barely miss the hornet.
The hornet is moderately wounded.
The hornet stings you.
You hit the hornet but do no damage.
The hornet is moderately wounded.
The hornet stings you.
You hit the hornet.
The hornet is moderately wounded.
The hornet stings you.
You feel yourself slow down.
You closely miss the hornet.
The hornet is moderately wounded.
You feel yourself speed up. The hornet closely misses you.
The hornet stings you!
* * * LOW HITPOINT WARNING * * *
You hit the hornet.
The hornet is heavily wounded.
You hit the hornet.
The hornet is severely wounded.
The hornet closely misses you. The hornet stings you!
You die...

....# ###.. .. ##
#..######...# ..#
#. #....##....##
...##. #..<.....##
......##
#........#
#....###
##.......# #....##
##......# #.....##
##.....# #.@#...#
##....## #.y##..#
##.....# #..##..#
#......# #..##..#
##..##..#
#..#...###..###..#
..###..##..## #..#
.# #......# #.##
## ##....## #.#
###.## #.#


You could see a hornet.

Vanquished Creatures
  3 adders
  A dart slug (D:2)
  An orc (D:3)
  A ball python (D:1)
  5 bats
  7 endoplasms
  A giant cockroach (D:1)
  4 goblins
  3 hobgoblins
  2 quokkas (D:2)
  A frilled lizard (D:2)
  10 kobolds
  2 rats (D:2)
41 creatures vanquished.

Notes
Turn   | Place    | Note
-------+----------+-------------------------------------------
     0 | D:1      | Cheops the Merfolk Gladiator began the quest for the Orb.
     0 | D:1      | Reached XP level 1. HP: 16/16 MP: 1/1
   112 | D:1      | Reached XP level 2. HP: 20/22 MP: 2/2
   621 | D:2      | Reached skill level 5 in Polearms
   751 | D:2      | Reached XP level 3. HP: 26/27 MP: 3/3
  1017 | D:2      | Reached skill level 6 in Polearms
  1151 | D:3      | Reached XP level 4. HP: 33/33 MP: 4/4
  1258 | D:3      | Found the +1 Delatra's gloves {ID++}
  1683 | D:4      | Noticed a hornet
  1696 | D:4      | HP: 1/33 [hornet (5)]
  1705 | D:4      | Slain by a hornet

Illustrated notes

Levels and vault maps discovered:
D:1:      ebering_trefoil_twist, layout_basic, serial_aquarium,
          aquarium_bridge_square [aquarium_subvault_wall,
          aquarium_subvault_bridge, aquarium_subvault_window,
          aquarium_subvault_bridge], aquarium_window_1, aquarium_window_double,
          aquarium_view_2e, aquarium_view_2d, aquarium_balcony_1a,
          aquarium_pool_2, minmay_misc_feat_cross
D:2:      cheibrodos_old_hovel, layout_rooms
D:3:      layout_rooms
D:4:      layout_layer_cave, serial_shops, shop_statue,
          nicolae_shop_firing_range

Skill      XL: |  1  2  3 |
---------------+----------+-----
Polearms       | 5 6 |  6.6
Fighting       | |  2.1
Throwing       | |  2.0
Dodging        | |  4.0

Action                     |  1- 3 |  4- 6 || total
---------------------------+-------+-------++-------
  Melee: Trident           |   107 |    44 ||   151
  Evoke: Wand              |       |     1 ||     1
    Use: Potion            |       |     3 ||     3
   Stab: Sleeping          |     1 |       ||     1
 Armour: Leather armour    |    27 |     7 ||    34
  Dodge: Dodged            |    58 |    28 ||    86
